 Dungeon Crawl Stone Soup version 0.24.0-13-gcf9b319 (webtiles) character file.

Game seed: 17204697992666251178, levelgen mode: deterministic

1172 Boetheseconed the Grappler (level 8, -9/75 HPs)
             Began as a Troll Monk on Dec 1, 2019.
             Mangled by Pikel
             ... wielding a +2 whip of freezing
              (12 damage)
             ... on level 6 of the Dungeon.
             The game lasted 00:13:17 (3673 turns).

Boetheseconed the Grappler (Troll Monk)             Turns: 3673, Time: 00:13:17

Health: -9/75      AC:  6    Str: 20    XL:     8   Next: 18%
Magic:  7/7        EV: 11    Int:  6    God:
Gold:   218        SH:  0    Dex: 10    Spells: 7/7 levels left

rFire    . . .     SeeInvis .     - Unarmed
rCold    . . .     Gourm    +   (no shield)
rNeg     . . .     Faith    .   a - +0 robe
rPois    .         Spirit   .   (helmet restricted)
rElec    .         Reflect  .   (no cloak)
rCorr    .         Harm     +   (gloves unavailable)
MR       .....                  (boots unavailable)
Stlth    ++........             k - amulet of harm
HPRegen  0.62/turn              g - ring of flight
MPRegen  0.10/turn              j - -4 ring of dexterity

@: berserk cooldown, slowed, very slow
A: large, unfitting armour, claws 3, fast metabolism 3, gourmand, regeneration
1, shaggy fur 1, tough skin 3
a: Evoke Flight


You were on level 6 of the Dungeon.
You were completely stuffed.

You visited 1 branch of the dungeon, and saw 6 of its levels.

You collected 218 gold pieces.

Inventory:

Hand Weapons
 r - the +9 flail of Kiujeteg {crush, rPois}
   (You found it on level 4 of the Dungeon)

   It inflicts extra damage upon your enemies.
   It protects you from poison.
Armour
 a - a +0 robe (worn)
Jewellery
 g - a ring of flight (left claw)
 j - a -4 ring of dexterity (right claw)
 k - an amulet of harm (around neck)
 s - a +3 ring of protection {unknown}
Wands
 q - a wand of disintegration (8)
 t - a wand of acid (8)
Scrolls
 d - 3 scrolls of remove curse
 e - a scroll of enchant weapon
 p - a scroll of fog
 v - 2 scrolls of magic mapping
Potions
 c - 5 potions of magic
 h - a potion of heal wounds {unknown}
 i - 4 potions of curing
 l - 2 potions of might {unknown}
 m - a potion of degeneration {unknown}
 o - 2 potions of agility {unknown}
 u - 2 potions of cancellation {unknown}
 w - a potion of lignification {unknown}
Comestibles
 b - 9 rations
 n - 5 chunks of flesh


   Skills:
 + Level 3.2 Fighting
 + Level 4.2 Dodging
 + Level 2.3 Stealth
 + Level 8.1 Unarmed Combat


You had 7 spell levels left.
You didn't know any spells.
Your spell library contained the following spells:

 Spells                   Type           Power        Failure   Level  Hunger
 Animate Skeleton         Necr           N/A          45%         1    ##.....
 Beastly Appendage        Tmut           #.....       45%         1    ##.....
 Pain                     Necr           #...         45%         1    ##.....
 Sticks to Snakes         Tmut           #.......     58%         2    ###....
 Regeneration             Chrm/Necr      #.........   83%         3    ####...
 Spider Form              Tmut/Pois      #.........   83%         3    ####...
 Vampiric Draining        Necr           #.........   83%         3    ####...
 Animate Dead             Necr           N/A          99%         4    #####..
 Ice Form                 Ice/Tmut       #.......     99%         4    #####..
 Blade Hands              Tmut           #.........   100%        5    ######.


Dungeon Overview and Level Annotations

Branches:
Dungeon (5/15)
 Temple: D:4-7

Altars:
Makhleb

Annotations:
D:6 Pikel


Innate Abilities, Weirdness & Mutations

You are too large for most types of armour.
You have claws for hands.
Your metabolism is lightning-fast.
You like to eat raw meat.
Your natural rate of healing is unusually fast.
You are covered in fur. (AC +1)
You have extremely tough skin. (AC +3)


Message History

You barely miss Pikel.
Pikel says, "Slavery isn't that bad."
Pikel hits you but does no damage.
You completely miss Pikel. You closely miss Pikel.
Pikel hits you but does no damage. The slave hits you but does no damage.
A slave comes into view.
You closely miss Pikel.
You are no longer berserk.
You are exhausted.
You feel yourself slow down. The slave barely misses you.
It was a potion of curing.
You feel better. The slave hits you.
* * * LOW HITPOINT WARNING * * *
Pikel hits you with a +2 whip of freezing.
* * * LOW HITPOINT WARNING * * *
Pikel freezes you.
* * * LOW HITPOINT WARNING * * *
The slave barely misses you.
Pikel hits you with a +2 whip of freezing!
You die... ..g. gg#

####.#
#.#####+#...#.#
#)#...........#
#☼#☼..........#
#.☼○).........#
###%†.........#
#..†.pp......
#.%).@K....p#
#.%.........#
######+####.#


You could see Pikel and 3 slaves.

Vanquished Creatures
  An orc warrior (D:6)
  An ogre (D:4)
  A phantom (D:4)
  A gnoll sergeant (D:6)
  2 scorpions (D:5)
  A crimson imp (D:3)
  A quasit (D:5)
  A hound (D:5)
  3 orc priests
  3 orc wizards
  Jessica (D:2)
  Natasha (thrice) (D:2)
  Crazy Yiuf (D:2)
  An iguana (D:6)
  5 worker ants
  A killer bee zombie (D:5)
  4 gnolls (D:6)
  A howler monkey skeleton (D:5)
  4 adders
  A shadow imp (D:5)
  2 oozes (D:3)
  An adder skeleton (D:5)
  5 worms
  2 dart slugs
  6 leopard geckos
  8 orcs
  A ball python (D:4)
  A bat zombie (D:1)
  3 giant cockroaches (D:3)
  6 goblins
  2 hobgoblins
  2 quokkas
  7 bats
  A frilled lizard (D:1)
  7 kobolds
  A leopard gecko skeleton (D:4)
  A leopard gecko zombie (D:1)
  A quokka skeleton (D:4)
  3 rats
97 creatures vanquished.

Notes
Turn   | Place    | Note
-------+----------+-------------------------------------------
     0 | D:1      | Boetheseconed the Troll Monk began the quest for the Orb.
     0 | D:1      | Reached XP level 1. HP: 22/22 MP: 0/0
   418 | D:1      | Reached XP level 2. HP: 29/29 MP: 1/1
   642 | D:1      | You fall into a shaft and drop 1 floor!
   804 | D:2      | Reached XP level 3. HP: 35/36 MP: 2/2
   966 | D:2      | Noticed Natasha
   967 | D:2      | Noticed Jessica
   981 | D:2      | Killed Natasha
   986 | D:2      | Killed Jessica
   986 | D:2      | Reached XP level 4. HP: 25/44 MP: 3/3
  1030 | D:2      | Noticed Natasha
  1036 | D:2      | Killed Natasha
  1036 | D:2      | Reached skill level 4 in Unarmed Combat
  1298 | D:2      | Found a runed translucent door.
  1299 | D:2      | Noticed Crazy Yiuf
  1309 | D:2      | Killed Crazy Yiuf
  1309 | D:2      | Reached XP level 5. HP: 20/53 MP: 4/4
  1700 | D:2      | Noticed Natasha
  1708 | D:2      | Killed Natasha
  2083 | D:3      | Found a burning altar of Makhleb.
  2126 | D:3      | Reached skill level 5 in Unarmed Combat
  2237 | D:3      | Reached XP level 6. HP: 61/61 MP: 5/5
  2747 | D:4      | Got an encrusted flail
  2754 | D:4      | Identified the +9 flail of Kiujeteg {crush, rPois} (You
                  | found it on level 4 of the Dungeon)
  2831 | D:4      | Reached skill level 6 in Unarmed Combat
  2831 | D:4      | Reached XP level 7. HP: 36/67 MP: 6/6
  3265 | D:5      | Entered Level 5 of the Dungeon
  3415 | D:5      | Reached skill level 7 in Unarmed Combat
  3644 | D:5      | You fall into a shaft and drop 1 floor!
  3653 | D:6      | Reached XP level 8. HP: 54/75 MP: 7/7
  3662 | D:6      | Reached skill level 8 in Unarmed Combat
  3663 | D:6      | Noticed Pikel
  3673 | D:6      | HP: 3/75 [Pikel/+2 whip of freezing (2)]
  3673 | D:6      | Mangled by Pikel

Levels and vault maps discovered:
D:1:      saegor_arrival_fortress, layout_loops_ring
D:2:      layout_loops_cross, uniq_jessica, uniq_natasha,
          uniq_crazy_yiuf_cottage
D:3:      layout_basic, makhleb_grotto_becter, first_ration,
          hangedman_decor_growths
D:4:      layout_basic, kennysheep_generic_room_2
D:5:      wad_river_or_something, layout_loops_cross
D:6:      layout_basic, minmay_temple_entry_metal_lava, uniq_duvessa, uniq_pikel

Skill      XL: |  1  2  3  4  5  6  7  8 |
---------------+-------------------------+-----
Dodging        | 3 4 |  4.2
Unarmed Combat | 4 5 6 7 8 |  8.1
Fighting       | 3 |  3.2
Stealth        | 2 |  2.3

Action                   |  1- 3 |  4- 6 |  7- 9 || total
-------------------------+-------+-------+-------++-------
Melee: Unarmed           |    67 |   131 |    78 ||   276
       Punch             |       |     3 |     2 ||     5
  Use: Scroll            |       |     4 |     4 ||     8
       Potion            |       |       |     2 ||     2
 Stab: Sleeping          |     3 |     2 |     3 ||     8
  Eat: Chunk             |    14 |    18 |     7 ||    39
Armor: Robe              |    33 |    42 |    21 ||    96
Dodge: Dodged            |    38 |    62 |    47 ||   147
